Map: Orbital Shipyard

Players

cDgGuildelin - Winner!

  • Race: Zerg Zerg
  • League: Gold

LilDicky

  • Race: Terran Terran
  • League: Diamond

VOD

http://www.twitch.tv/tumescentpie

Description

Time

  • Played on: Jan. 3, 2016, 7:07 p.m.
  • Length: 10:22
Show
View Real Time Build Order
Export as new Build Order

cDgGuildelin Zerg - Winner!

Build Orders: Hatch First, Muta Ling Bane 

Get SALT Encoding   

  12  0:01  Drone  
  13  0:12  Overlord  
  13  0:17  Drone  
  14  0:30  Drone x2  
  16  0:38  Drone  
  17  0:46  Drone  
  18  0:56  Drone  
  19  1:01  Hatchery  
  19  1:04  Extractor  
  17  1:07  Drone  
  18  1:17  Drone  
  19  1:21  Spawning Pool  
  18  1:28  Drone  
  19  1:41  Drone  
  20  1:52  Overlord  
  20  2:08  Queen  
  20  2:11  Metabolic Boost  
  20  2:12  Queen  
  20  2:15  Zergling x4  
  26  2:17  Zergling x2  
  26  2:22  Drone  
  28  2:26  Drone  
  29  2:34  Drone x2  
  31  2:43  Overlord  
  31  2:58  Drone x2  
  32  3:00  Hatchery  
  32  3:01  Drone  
  33  3:22  Pneumatized Carapace  
  33  3:26  Spine Crawler  
  32  3:29  Spine Crawler  
  32  3:30  Drone  
  32  3:31  Drone x4  
  36  3:35  Drone x3  
  36  3:39  Extractor  
  36  3:40  Drone  
  40  3:41  Drone  
  40  3:59  Spore Crawler  
  40  4:01  Spore Crawler  
  38  4:06  Drone  
  38  4:07  Drone x5  
  44  4:10  Overlord x2  
  44  4:15  Overlord  
  44  4:21  Overlord x2  
  44  4:34  Lair  
  44  4:37  Queen  
  44  4:38  Baneling Nest  
  45  4:41  Drone x2  
  45  4:42  Drone  
  48  4:45  Extractor  
  48  4:49  Drone x2, Extractor  
  48  4:58  Zergling x2  
  48  4:59  Zergling x10  
  54  5:13  Drone x2  
  56  5:18  Drone x2  
  56  5:19  Drone  
  59  5:25  Drone x3  
  62  5:30  Spore Crawler  
  61  5:38  Overlord  
  61  5:39  Drone  
  61  5:40  Drone x4  
  66  5:45  Centrifical Hooks  
  65  5:53  Spire  
  61  6:09  Zergling x12  
  62  6:19  Zergling x4  
  62  6:20  Zergling x6  
  67  6:26  Zergling x6  
  67  6:27  Zergling x6  
  70  6:45  Queen  
  66  6:59  Overlord  
  66  7:00  Overlord  
  65  7:02  Queen x2  
  68  7:11  Mutalisk x3  
  68  7:12  Mutalisk x5  
  79  7:20  Queen  
  78  7:31  Mutalisk x3  
  78  7:34  Zergling x4  
  78  7:35  Zergling x2  
  83  7:48  Zergling x6  
  83  8:02  Zergling x2  
  83  8:03  Zergling x4  
  86  8:21  Extractor  
  86  8:22  Extractor  
  86  8:24  Drone x3  
  87  8:38  Baneling  
  87  8:39  Baneling x8  
  87  8:40  Baneling x3  
  87  8:42  Zergling x4  
  87  8:43  Zergling x6  
  92  8:56  Zergling x10  
  92  8:57  Zergling x2  
  94  9:15  Zergling x10  
  94  9:16  Zergling x6  
  92  9:22  Mutalisk x3  
  93  9:32  Zergling x6  
  96  9:44  Zergling x4  
  97  10:02  Hatchery  
Show
View Real Time Build Order
Export as new Build Order

LilDicky Terran 

Build Orders: Command Center First (CC) 

Get SALT Encoding   

  12  0:02  SCV  
  13  0:14  SCV  
  14  0:18  Supply Depot  
  14  0:26  SCV  
  15  0:40  SCV  
  16  0:58  Command Center  
  16  1:01  SCV  
  17  1:14  SCV  
  18  1:20  Barracks  
  18  1:26  SCV  
  19  1:33  Refinery  
  19  1:38  SCV  
  20  1:41  Refinery  
  20  1:50  SCV  
  21  2:02  SCV  
  21  2:08  Marine  
  22  2:09  Supply Depot  
  22  2:11  Orbital Command  
  22  2:15  Orbital Command  
  23  2:26  Marine  
  24  2:34  Factory  
  24  2:36  SCV  
  25  2:41  SCV  
  26  2:45  Marine  
  26  2:48  SCV  
  28  2:56  SCV  
  29  3:03  SCV, Marine  
  31  3:08  SCV, Refinery  
  32  3:15  SCV  
  32  3:19  Factory Tech Lab  
  33  3:21  SCV, Starport, Marine  
  33  3:26  Armory  
  36  3:27  SCV, Refinery  
  36  3:33  SCV  
  37  3:39  Marine  
  38  3:48  Siege Tank  
  38  3:55  SCV  
  42  3:57  Marine  
  42  3:58  Medivac  
  42  3:59  Supply Depot  
  45  4:05  SCV  
  46  4:23  SCV  
  47  4:27  Thor  
  53  4:49  Liberator  
  53  4:53  Marine  
  54  5:06  SCV x2  
  59  5:07  Command Center, Supply Depot  
  59  5:11  Thor, Marine  
  66  5:18  SCV x2  
  68  5:30  SCV x2, Marine  
  71  5:42  SCV  
  72  5:49  Medivac  
  74  5:54  Siege Tank  
  76  6:09  Liberator  
  69  6:27  Siege Tank  
  72  6:43  SCV, Marine  
  66  7:27  Liberator  
  64  7:33  SCV x2  
  64  7:34  Orbital Command  
  64  7:36  Command Center, Marine  
  67  7:40  Command Center  
  67  7:43  Barracks x2  
  67  7:45  SCV, Barracks  
  67  7:47  Barracks x3  
  67  7:49  Barracks  
  62  8:03  Marine  
  57  8:05  Thor  
  57  8:10  Engineering Bay  
  60  8:13  Liberator  
  60  8:15  Engineering Bay  
  58  8:20  Marine  
  58  8:25  Supply Depot  
  58  8:26  Supply Depot  
  59  8:27  Supply Depot, Barracks  
  59  8:28  Supply Depot  
  59  8:31  Marine x3  
  59  8:33  Marine  
  66  8:35  Marine x2  
  66  8:38  Marine  
  63  8:48  SCV  
  61  8:49  Marine x3  
  61  8:51  Marine  
  61  8:53  Marine x3  
  68  8:55  Liberator  
  68  8:56  Marine  
  68  9:02  Missile Turret  
  69  9:03  Missile Turret x2  
  69  9:05  Missile Turret  
  69  9:06  Orbital Command  
  69  9:07  Marine x3  
  69  9:08  Marine, Orbital Command  
  69  9:10  Marine  
  69  9:11  Marine x2  
  69  9:14  Marine  
  55  9:24  Marine x2  
  55  9:25  Marine  
  55  9:26  Marine  
  55  9:28  Marine  
  55  9:29  Marine x2  
  55  9:32  Marine  
  51  9:42  Marine x2  
  51  9:43  Marine  
  51  9:44  Marine  
  55  9:46  Marine x2  
  50  10:00  Marine x3  
Tags
 
Add a new tag
Caveats
  • Supply blocks, unpowered buildings, or Contaminate may cause inaccurate times.
  • Supply counts are checked every 10 seconds.